 Dungeon Crawl Stone Soup version 0.31-a0-133-gaae73658be (webtiles) character file.

Game seed: 11020947492181571303

229 benadryl the Shooter (level 6, -6/46 HPs)
             Began as a Barachi Hunter on June 2, 2023.
             Mangled by an ogre
             ... wielding a +0 giant club
              (29 damage)
             ... on level 4 of the Dungeon.
             The game lasted 00:04:37 (2717 turns).

benadryl the Shooter (Barachi Hunter)               Turns: 2717, Time: 00:04:37

Health: -6/46      AC:  3    Str: 11    XL:     6   Next: 3%
Magic:  6/6        EV: 12    Int:  8    God:
Gold:   124        SH:  0    Dex: 22    Spells: 5/5 levels left

rFire   . . .        a - +0 shortbow
rCold   . . .        (shield currently unavailable)
rNeg    . . .        c - +0 leather armour
rPois   .            (no helmet)
rElec   .            (no cloak)
rCorr   .            (no gloves)
SInv    .            (no boots)
Will    +....        (no amulet)
Stlth   ++           j - ring of flight
HPRegen 0.27/turn    (no ring)
MPRegen 0.10/turn

%: no passive effects
@: flying, slow
A: amphibious, slowness 1, strong legs 1, +LOS, agile 1, strong-willed 1
a: Hop


You were on level 4 of the Dungeon.
You visited 1 branch of the dungeon, and saw 4 of its levels.

You collected 124 gold pieces.

Inventory:

Hand Weapons
 a - a +0 shortbow (weapon)
 d - the +5 spear of Spontaneous Combustion {flame, Int+3}
   (You found it on level 2 of the Dungeon)

   Int:       It affects your intelligence (+3).
Armour
 c - a +0 leather armour (worn)
Jewellery
 j - a ring of flight (left hand)
Scrolls
 b - a scroll of butterflies
 h - a scroll of teleportation
Potions
 e - a potion of heal wounds
 f - a potion of brilliance
 g - a potion of lignification {unknown}
 l - a potion of attraction {unknown}


   Skills:
 - Level 2.4 Fighting
 * Level 7.1 Ranged Weapons
 - Level 2.1 Dodging
 - Level 0.8 Stealth


You had 5 spell levels left.
You didn't know any spells.
Your spell library was empty.

Dungeon Overview and Level Annotations

Branches:
Dungeon (4/15)
 Temple: D:4-7

Altars:
Elyvilon

Annotations:
D:2 Terence


Innate Abilities, Weirdness & Mutations

You are amphibious.
You cover ground slowly.
You can hop short distances.
You have an extended range of vision and can be seen from far away.
You are agile. (Dex +4, Str/Int -1)
You are strong-willed. (Will+)


Message History

Found a stone staircase leading down.
Found 9 gold pieces.
Found a stone staircase leading up.
You now have 124 gold pieces (gained 9).
Fire: a) +0 shortbow
Press: ? - help, Q - select action, (/) - cycle Shift-Dir - straight line, f - ogre
Aim: an ogre, wielding a +0 giant club (79% to hit)
You shoot an arrow. The arrow hits the ogre.
The ogre is lightly wounded.
Fire: a) +0 shortbow
Press: ? - help, Q - select action, (/) - cycle Shift-Dir - straight line, f/p - ogre
Aim: an ogre, wielding a +0 giant club (lightly wounded, 79% to hit)
You shoot an arrow. The arrow barely misses the ogre.
Fire: a) +0 shortbow
Press: ? - help, Q - select action, (/) - cycle Shift-Dir - straight line, f/p - ogre
Aim: an ogre, wielding a +0 giant club (lightly wounded, 79% to hit)
You shoot an arrow. The arrow hits the ogre.
The ogre is lightly wounded.
Fire: a) +0 shortbow
Press: ? - help, Q - select action, (/) - cycle Shift-Dir - straight line, f/p - ogre
Aim: an ogre, wielding a +0 giant club (lightly wounded, 79% to hit)
You shoot an arrow. The arrow hits the ogre.
The ogre is moderately wounded.
Fire: a) +0 shortbow
Press: ? - help, Q - select action, (/) - cycle Shift-Dir - straight line, f/p - ogre
Aim: an ogre, wielding a +0 giant club (moderately wounded, 79% to hit)
You shoot an arrow. The arrow closely misses the ogre.
Fire: a) +0 shortbow
Press: ? - help, Q - select action, (/) - cycle Shift-Dir - straight line, f/p - ogre
Aim: an ogre, wielding a +0 giant club (moderately wounded, 79% to hit)
You shoot an arrow. The arrow hits the ogre.
The ogre is moderately wounded.
The ogre hits you with a +0 giant club!!
Ouch! That really hurt!
Fire: a) +0 shortbow
Press: ? - help, Q - select action, (/) - cycle Shift-Dir - straight line, f/p - ogre
Aim: an ogre, wielding a +0 giant club (moderately wounded, 79% to hit)
You shoot an arrow. The arrow barely misses the ogre.
The ogre hits you with a +0 giant club!!
Ouch! That really hurt!
You die...

.. #O# K# #K# .#
#.###.# # #...OK# .#
####### .. ####.####
#..>....# #@##># .###
## #O##.#.... ##.#
#.##.#..### ##...#
#.##......##.
##.....##.##.#..#....
#.<.....#.#.........
................#
#.......#.......#
.......#####.#### #$


You could see an ogre.

Vanquished Creatures
  A jelly (D:4)
  An orc priest (D:4)
  An iguana (D:4)
  2 orc wizards
  2 adders
  2 dart slugs (D:3)
  10 orcs
  8 ball pythons
  4 bats
  4 endoplasms
  3 giant cockroaches
  7 goblins
  4 hobgoblins
  3 jackals (D:3)
  2 kobolds (D:3)
  2 quokkas
  4 frilled lizards
  2 rats
62 creatures vanquished.

Notes
Turn   | Place    | Note
-------+----------+-------------------------------------------
     0 | D:1      | benadryl the Barachi Hunter began the quest for the Orb.
     0 | D:1      | Reached XP level 1. HP: 17/17 MP: 1/1
    33 | D:1      | Reached XP level 2. HP: 22/23 MP: 2/2
   836 | D:2      | Reached skill level 5 in Ranged Weapons
   836 | D:2      | Reached XP level 3. HP: 28/28 MP: 3/3
   989 | D:2      | Identified the +5 spear of Spontaneous Combustion {flame,
                  | Int+3}
  1012 | D:2      | Noticed Terence
  1395 | D:3      | Reached XP level 4. HP: 33/34 MP: 4/4
  1824 | D:3      | Reached skill level 6 in Ranged Weapons
  2045 | D:3      | Found a white marble altar of Elyvilon.
  2192 | D:4      | Reached XP level 5. HP: 19/39 MP: 5/5
  2277 | D:4      | Noticed an ogre
  2397 | D:4      | Noticed an orc warrior
  2402 | D:4      | Gained mutation: You are agile. (Dex +4, Str/Int -1)
                  | [potion of mutation]
  2402 | D:4      | Gained mutation: You are strong-willed. (Will+) [potion of
                  | mutation]
  2683 | D:4      | Reached skill level 7 in Ranged Weapons
  2683 | D:4      | Reached XP level 6. HP: 46/46 MP: 6/6
  2717 | D:4      | Mangled by an ogre

Illustrated notes

Levels and vault maps discovered:
D:1:      lightli_arrival_statuegarden, layout_basic
D:2:      layout_basic, serial_shops, shop, minmay_cut_off, uniq_natasha,
          uniq_jessica, uniq_terence
D:3:      layout_basic, nicolae_elyvilon_temple_path, st_stairs_6
D:4:      layout_loops_corners, guppyfry_early_orc_mine

Skill      XL: |  1  2  3  4  5 |
---------------+----------------+-----
Ranged Weapons | 5 6 7 |  7.1
Fighting       | |  2.4
Dodging        | |  2.1
Stealth        | |  0.8

Action                     |  1- 3 |  4- 6 || total
---------------------------+-------+-------++-------
   Fire: Shortbow          |    95 |   124 ||   219
Ability: Hop               |     1 |       ||     1
    Use: Scroll            |     2 |     2 ||     4
         Potion            |       |     5 ||     5
 Armour: Leather armour    |     2 |    13 ||    15
  Dodge: Dodged            |    16 |    25 ||    41

Table legend: (Time is in decaauts)
 A = Elapsed time spent in this place.
 B = Non-inter-level travel time spent in this place.
 C = Inter-level travel time spent in this place.
 D = Time resting spent in this place.
 E = Time spent auto-exploring this place.
 F = Levels seen in this place.
 G = Mean time per level.
                   A        B        C        D        E       F      G
               +--------+--------+--------+--------+--------+-----+--------+
         Total |   3094 |   2954 |    140 |    605 |   1775 |   4 |  773.5 |
       Dungeon |   3094 |   2954 |    140 |    605 |   1775 |   4 |  773.5 |
               +--------+--------+--------+--------+--------+-----+--------+

Top non-repeatable levels by time:
     D:3: 1100 daAuts
     D:1: 946 daAuts
     D:4: 535 daAuts
     D:2: 512 daAuts
